Map: Oceanborn LE

Players

ByuN - Winner!

  • Race: Terran Terran
  • Spawn Location: 11:00

MaxPax

  • Race: Protoss Protoss
  • League: Master
  • Spawn Location: 5:00

VOD

Have the link to the VOD?

Description

Time

  • Played on: Nov. 29, 2023, 7:11 a.m.
  • Length: 14:49
Show
View Real Time Build Order
Export as new Build Order

ByuN Terran - Winner!

Build Orders:  

Get SALT Encoding   

  12  0:00  SCV  
  13  0:12  SCV  
  14  0:17  Supply Depot  
  14  0:24  SCV  
  15  0:39  SCV  
  15  0:40  Barracks  
  16  0:45  Refinery  
  16  0:51  SCV  
  17  1:03  SCV  
  18  1:15  SCV  
  19  1:26  Marine  
  19  1:27  Orbital Command  
  20  1:39  Command Center  
  20  1:45  Barracks Reactor  
  20  1:51  Supply Depot  
  20  1:56  SCV  
  21  2:04  Barracks  
  21  2:08  SCV  
  22  2:15  Barracks  
  22  2:20  SCV  
  22  2:21  Marine  
  22  2:22  Marine  
  25  2:32  SCV  
  25  2:39  Marine  
  25  2:40  Marine  
  27  2:44  SCV  
  28  2:57  SCV, Marine x2  
  29  3:02  Barracks Tech Lab  
  29  3:03  Barracks Tech Lab  
  29  3:09  SCV  
  29  3:14  Marine  
  29  3:15  Orbital Command, Marine  
  31  3:20  Marine  
  31  3:21  SCV, Marine  
  31  3:22  Stimpack  
  34  3:33  SCV  
  34  3:36  Refinery  
  34  3:37  Marine x2, Factory  
  34  3:41  Marine x2  
  37  3:45  SCV  
  37  3:46  SCV  
  40  3:51  Engineering Bay  
  40  3:57  Marine  
  40  3:58  SCV x2, Marine  
  44  4:04  Supply Depot  
  44  4:10  SCV  
  44  4:12  SCV  
  46  4:18  Supply Depot  
  46  4:23  Missile Turret  
  46  4:26  SCV x2  
  47  4:38  SCV x2, Marine  
  48  4:39  Marauder x2  
  52  4:50  SCV x2  
  52  4:51  Starport, Factory Reactor  
  48  4:54  Bunker  
  48  4:56  Marine  
  48  4:57  Refinery  
  48  4:58  Marine  
  50  5:03  Marauder  
  50  5:05  Marauder  
  54  5:07  SCV x2  
  54  5:10  Supply Depot  
  54  5:13  Combat Shield  
  56  5:15  Concussive Shells  
  56  5:17  Marine x2  
  56  5:19  SCV  
  59  5:21  SCV  
  60  5:29  Supply Depot  
  60  5:31  SCV  
  60  5:33  Marauder x2  
  60  5:34  SCV  
  65  5:37  Marine  
  65  5:39  Medivac  
  65  5:41  Medivac  
  70  5:44  SCV  
  70  5:48  SCV  
  70  5:51  Supply Depot, Terran Infantry Weapons Level 1  
  70  5:54  Marine x2  
  72  5:58  Refinery  
  72  5:59  Marauder x2  
  72  6:02  SCV x2  
  75  6:14  SCV x2  
  75  6:17  Marine x2  
  79  6:20  Marauder x2  
  79  6:22  Medivac  
  79  6:24  Supply Depot  
  85  6:26  SCV  
  85  6:28  SCV  
  85  6:38  Supply Depot, SCV  
  85  6:39  Factory Reactor  
  84  6:40  SCV  
  84  6:46  Supply Depot, Marauder x2  
  89  6:50  SCV  
  89  6:53  SCV  
  89  6:54  Marine x2  
  88  6:55  Medivac  
  88  7:01  Medivac  
  94  7:05  Supply Depot  
  94  7:14  Command Center  
  94  7:15  Marauder x2  
  98  7:16  Marine  
  98  7:17  Marine  
  95  7:32  Barracks  
  95  7:36  Marauder x2  
  95  7:37  Marine x2  
  86  7:39  Medivac x2  
  90  7:44  Widow Mine x2  
  90  7:49  Terran Infantry Armor Level 1  
  94  7:55  SCV x2  
  94  7:56  Barracks  
  94  7:58  Marine x2, Marauder x2  
  102  8:06  Widow Mine x2  
  102  8:07  SCV x2  
  108  8:15  Armory  
  108  8:19  SCV x2, Marauder x2  
  114  8:24  Marine x2  
  114  8:25  Barracks Reactor  
  117  8:28  Orbital Command  
  117  8:31  SCV x2  
  117  8:32  Widow Mine x2  
  122  8:34  Viking  
  120  8:43  SCV  
  120  8:52  Marauder x2  
  124  8:57  Supply Depot x2  
  124  8:58  SCV x2  
  124  8:59  SCV  
  127  9:03  Barracks Tech Lab, Marine x2  
  129  9:13  Supply Depot, Engineering Bay, Marauder  
  129  9:14  Marauder  
  133  9:18  Marine x2  
  135  9:25  Supply Depot, Marine x2  
  135  9:27  Supply Depot  
  135  9:28  SCV x3  
  135  9:29  Supply Depot  
  140  9:34  Supply Depot  
  140  9:36  Supply Depot  
  140  9:39  Marauder x2  
  139  9:46  Marauder  
  139  9:47  Marine x2  
  139  9:48  Widow Mine x2  
  139  9:51  Marine x2  
  139  9:52  SCV  
  137  10:00  SCV x2, Marauder x2  
  137  10:04  SCV  
  136  10:10  Widow Mine x2  
  136  10:12  SCV  
  136  10:13  Terran Infantry Weapons Level 2  
  141  10:15  Marauder  
  141  10:20  Marine x2  
  133  10:22  Marauder  
  133  10:24  Medivac  
  137  10:28  Medivac  
  137  10:31  Widow Mine  
  137  10:32  SCV x2  
  137  10:33  SCV  
  136  10:36  Widow Mine  
  136  10:40  Marauder  
  138  10:42  Marine  
  138  10:43  Marine  
  138  10:47  Marine x2  
  142  10:50  Ghost Academy, Marauder  
  142  10:52  Widow Mine  
  142  10:54  Marauder  
  148  10:57  Widow Mine  
  148  11:00  Medivac x2  
  154  11:08  Marine, Sensor Tower  
  154  11:09  Marine x3  
  158  11:13  Marauder x2  
  158  11:14  Widow Mine  
  158  11:16  Marauder  
  166  11:19  Widow Mine  
  166  11:26  Marine x2  
  166  11:29  Medivac  
  166  11:30  Medivac  
  166  11:31  Supply Depot  
  166  11:32  Supply Depot  
  170  11:35  Marauder x2, Widow Mine  
  172  11:40  Widow Mine  
  172  11:41  Marine x3, Refinery  
  172  11:44  Marine x2  
  173  11:58  SCV x2  
  173  11:59  Ghost x2  
  178  12:05  Medivac x2  
  178  12:06  Widow Mine x2  
  178  12:08  SCV  
  184  12:09  Marauder  
  184  12:10  SCV  
  178  12:16  SCV  
  178  12:20  SCV  
  178  12:21  Refinery  
  176  12:27  Widow Mine x2  
  176  12:28  Ghost, Marauder  
  161  12:34  Marine x4  
  165  12:41  Supply Depot  
  164  12:46  Ghost  
  164  12:48  Widow Mine x2  
  167  12:53  Marauder  
  167  12:57  Marine, Marauder  
  167  12:58  Marine x2  
  160  13:10  Widow Mine x2  
  149  13:15  Marauder  
  149  13:18  Marauder  
  144  13:22  Marine x2  
  144  13:23  Marauder  
  144  13:24  Marine x2  
  145  13:30  Command Center  
  145  13:31  Widow Mine x2  
  143  13:36  Marauder  
  143  13:39  Marauder  
  143  13:40  Marine x2  
  136  13:45  Marauder  
  136  13:52  Widow Mine  
  136  13:53  Widow Mine  
  130  13:57  Marauder  
  130  14:00  Marine, Medivac x2  
  130  14:01  Marauder  
  137  14:05  Marine  
  137  14:06  Marauder  
  137  14:14  Widow Mine x2  
  140  14:18  Marine  
  140  14:19  Marauder  
  140  14:22  Marauder  
  143  14:27  Marine x2, Marauder  
  143  14:28  Marine  
Show
View Real Time Build Order
Export as new Build Order

MaxPax Protoss 

Build Orders: 1 Gate Expand, Blink Stalkers 

Get SALT Encoding   

  12  0:00  Probe  
  13  0:12  Probe  
  14  0:17  Pylon  
  14  0:25  Probe (Chrono Boost)  
  16  0:36  Gateway  
  16  0:37  Probe (Chrono Boost)  
  16  0:43  Probe (Chrono Boost)  
  16  0:45  Assimilator  
  17  0:51  Probe  
  18  1:03  Probe  
  19  1:15  Probe  
  20  1:22  Cybernetics Core  
  20  1:26  Zealot  
  22  1:37  Nexus  
  22  1:43  Pylon  
  22  1:47  Probe  
  23  1:54  Assimilator  
  23  1:59  Adept (Chrono Boost), Probe  
  23  2:04  Warp Gate  
  25  2:11  Probe  
  26  2:18  Adept (Chrono Boost)  
  28  2:23  Probe  
  29  2:30  Twilight Council  
  29  2:35  Probe  
  30  2:46  Gateway  
  30  2:47  Probe  
  31  2:54  Probe (Chrono Boost)  
  30  3:02  Blink (Chrono Boost)  
  30  3:05  Probe (Chrono Boost)  
  32  3:06  Probe (Chrono Boost)  
  32  3:11  Probe (Chrono Boost)  
  34  3:13  Probe (Chrono Boost)  
  34  3:20  Robotics Facility, Probe  
  34  3:24  Probe  
  34  3:32  Probe  
  34  3:33  Gateway  
  33  3:36  Probe  
  34  3:44  Probe  
  34  3:45  Gateway  
  34  3:48  Probe  
  36  3:52  Stalker x2  
  40  3:57  Pylon  
  40  3:58  Probe  
  40  4:00  Probe  
  44  4:16  Assimilator  
  46  4:22  Stalker x2  
  47  4:28  Warp Prism (Chrono Boost)  
  47  4:31  Pylon  
  47  4:36  Pylon  
  42  4:55  Stalker, Sentry  
  42  4:56  Stalker  
  48  5:00  Shield Battery, Probe x2  
  50  5:11  Stalker  
  50  5:12  Probe x2  
  55  5:17  Observer  
  55  5:19  Stalker  
  55  5:20  Pylon  
  57  5:24  Probe  
  57  5:27  Stalker  
  60  5:32  Probe  
  61  5:38  Probe  
  62  5:51  Stalker  
  62  5:52  Stalker x3  
  62  5:55  Pylon  
  70  6:03  Nexus  
  70  6:15  Charge (Chrono Boost)  
  70  6:22  Stalker x2  
  70  6:23  Stalker  
  70  6:24  Zealot  
  78  6:33  Probe x2  
  74  6:42  Shield Battery, Forge  
  74  6:45  Probe x2  
  73  6:57  Probe x2  
  73  6:59  Observer  
  76  7:02  Pylon  
  76  7:03  Sentry  
  78  7:08  Gateway  
  78  7:09  Gateway  
  78  7:11  Gateway  
  78  7:14  Pylon  
  78  7:15  Probe  
  79  7:17  Gateway  
  79  7:18  Pylon  
  79  7:19  Zealot x3  
  83  7:35  Zealot  
  83  7:38  Probe (Chrono Boost)  
  83  7:39  Probe (Chrono Boost)  
  83  7:41  Protoss Ground Weapons Level 1 (Chrono Boost)  
  83  7:43  Probe (Chrono Boost)  
  86  7:47  Zealot x3  
  86  7:48  Probe x2 (Chrono Boost)  
  95  7:51  Pylon  
  95  7:52  Probe (Chrono Boost)  
  95  7:53  Probe x2 (Chrono Boost)  
  95  7:57  Photon Cannon  
  97  7:59  Shield Battery, Observer  
  97  8:01  Observer  
  97  8:04  Assimilator, Templar Archives  
  97  8:11  Zealot x3  
  103  8:14  Zealot  
  105  8:24  Observer  
  105  8:28  Probe  
  105  8:31  Psionic Storm  
  105  8:33  Zealot x5  
  116  8:38  Pylon  
  116  8:43  Pylon  
  116  8:49  Nexus  
  116  8:55  Pylon  
  116  8:58  High Templar x3  
  120  9:06  Probe  
  121  9:13  Probe  
  121  9:15  Zealot x5  
  132  9:19  Photon Cannon  
  132  9:27  Probe  
  132  9:31  Forge  
  134  9:33  Gateway  
  134  9:34  Observer (Chrono Boost)  
  134  9:35  Gateway  
  128  9:41  Stalker x4  
  128  9:42  High Templar x2  
  140  9:46  Observer, Archon  
  127  9:53  Zealot x2  
  120  10:00  Probe x3  
  112  10:09  Photon Cannon  
  112  10:12  Probe  
  112  10:13  Zealot x2  
  112  10:14  Zealot x4  
  106  10:22  Probe  
  106  10:23  Photon Cannon  
  106  10:27  Probe  
  102  10:38  Probe x3  
  102  10:39  Probe  
  103  10:48  High Templar x4  
  103  10:49  Zealot x3  
  117  10:50  Probe (Chrono Boost)  
  117  10:52  Archon x2  
  117  10:53  Zealot, Probe (Chrono Boost)  
  117  10:55  Probe (Chrono Boost)  
  117  10:56  Probe (Chrono Boost)  
  123  11:02  Probe (Chrono Boost)  
  125  11:06  Probe (Chrono Boost)  
  125  11:10  Zealot x2  
  129  11:14  Zealot x2  
  127  11:26  Zealot x4  
  127  11:30  Pylon  
  127  11:32  Stalker x2  
  139  11:48  Shield Battery  
  139  11:50  Pylon  
  131  11:59  Zealot x9  
  130  12:19  Stalker x5, Observer  
  130  12:20  Stalker x3  
  144  12:33  Pylon  
  130  13:00  Pylon x2  
  130  13:05  Probe x3  
  124  13:09  Observer  
  124  13:10  Zealot x5  
  108  13:21  Zealot x4, Probe  
  108  13:26  Probe  
  115  13:31  Forge  
  115  13:32  Gateway  
  103  13:38  Stalker x5  
  113  13:42  Probe  
  113  13:43  Probe x3  
  117  13:50  Zealot x4  
  121  14:02  Stalker x3  
  121  14:05  Zealot  
  121  14:09  Probe x2  
  117  14:15  Zealot x5  
Tags
 
Composition
Blink Stalkers
League
Master
Matchup
PvT
Replay Pack
December 2023
Spawn Locations
Cross Positions
Add a new tag
Caveats
  • Supply blocks, unpowered buildings, or Contaminate may cause inaccurate times.
  • Supply counts are checked every 10 seconds.